 Dungeon Crawl Stone Soup version 0.27.0-1-g7a089689b8 (webtiles) character file.

Game seed: 3793408772431559230

96 EnegeticOcto the Skirmisher (level 4, -5/41 HPs)
             Began as a Minotaur Fighter on Aug 9, 2021.
             Was a Plaything of Xom.
             Killed by divine providence
             ... invoked by an orc priest
              (15 damage)
             ... on level 3 of the Dungeon.
             The game lasted 00:00:41 (1919 turns).

EnegeticOcto the Skirmisher (Minotaur Fighter)      Turns: 1919, Time: 00:00:42

Health: -5/41      AC:  7    Str: 21    XL:     4   Next: 41%
Magic:  3/3        EV:  7    Int:  5    God:    Xom [.*....]
Gold:   69         SH:  9    Dex: 10    Spells: 3/3 levels left

rFire    . . .     SeeInvis .   a - +0 war axe
rCold    . . .     Faith    .   c - +0 kite shield
rNeg     . . .     Spirit   .   b - +0 scale mail
rPois    .         Reflect  .   (helmet restricted)
rElec    .         Harm     .   (no cloak)
rCorr    .         Rampage  .   (no gloves)
Will     .....                  (no boots)
Stlth    ..........             (no amulet)
HPRegen  0.13/turn              (no ring)
MPRegen  0.08/turn              (no ring)

@: no status effects
A: horns 2, retaliatory headbutt
a: Renounce Religion


You were on level 3 of the Dungeon.
You worshipped Xom.
You were a plaything of Xom.
You visited 1 branch of the dungeon, and saw 3 of its levels.

You collected 69 gold pieces.

Inventory:

Hand Weapons
 a - a +0 war axe (weapon)
Armour
 b - a +0 scale mail (worn)
 c - a +0 kite shield (worn)
Scrolls
 e - 3 scrolls of identify {unknown}
 f - a scroll of brand weapon {unknown}
 g - a scroll of vulnerability {unknown}
 i - a scroll of noise {unknown}
Potions
 d - a potion of might {@q3}
 h - a potion of heal wounds {unknown}
 j - a potion of brilliance {unknown}


   Skills:
 + Level 4.3 Fighting
 * Level 4.0 Axes
 + Level 4.3 Armour
 + Level 4.3 Shields


You had 3 spell levels left.
You didn't know any spells.
Your spell library was empty.

Dungeon Overview and Level Annotations

Branches:
Dungeon (3/15)

Altars:
Xom

Annotations:
D:3 1 transporter


Innate Abilities, Weirdness & Mutations

You have a pair of horns on your head.
You reflexively headbutt those who attack you in melee.


Message History

Xom is getting BORED.
Done exploring.
Done exploring.
Done exploring.
Done exploring.
No target in view!
(D) Dungeon
Where to? (Enter - D:3, ? - help)
There is a stone staircase leading down here.
You climb downwards.
There is a stone staircase leading up here.
You are now a BORING thing.
There is a stone staircase leading up here.
Found a stone staircase leading down.
Xom twists space around you.
Your surroundings suddenly seem different.
You are now a plaything of Xom.
Found a stone staircase leading up.
A frilled lizard comes into view.
The frilled lizard hisses angrily.
There is a stone staircase leading up here.
A frilled lizard is nearby!
A frilled lizard is nearby!
A frilled lizard is nearby!
A frilled lizard is nearby!
A frilled lizard is nearby!
A frilled lizard is nearby!
A frilled lizard is nearby!
Found a wand of flame (17).
Found a transporter.
You miss the frilled lizard.
Your headbutt misses the frilled lizard.
The frilled lizard bites you.
You completely miss the frilled lizard. You block the frilled lizard's attack.
The frilled lizard barely misses you.
You barely miss the frilled lizard.
Your headbutt misses the frilled lizard.
The frilled lizard barely misses you.
You hit the frilled lizard.
You kill the frilled lizard!
No target in view!
No target in view!
No target in view!
No target in view!
HP restored.
An orc priest comes into view. It is wielding a +0 club.
The orc priest shouts!
You hear a shout!
An orc priest comes into view. It is wielding a +0 short sword.
You hear a shout!
There are monsters nearby!
There are monsters nearby!
There are monsters nearby!
There are monsters nearby!
An orc comes into view.
It is wielding a +1 hand axe of draining.
The orc shouts!
Xom adds some personal touches to your environment.
A fountain starts gushing blood!
A door bursts open!
You hear a shout!
You hear an angry hiss.
A kobold comes into view. It is wielding a +0 short sword.
The orc priest hits you with a +0 club.
The orc priest mumbles some strange prayers to Beogh against you.
Beogh smites you!
A shower of butterflies erupts from you!
You hear an angry hiss.
You hear a shout!
You are too injured to fight recklessly!
You are too injured to fight recklessly!
You are too injured to fight recklessly!
You are too injured to fight recklessly!
You are too injured to fight recklessly!
You are too injured to fight recklessly!
You are too injured to fight recklessly!
You are too injured to fight recklessly!
You are too injured to fight recklessly!
You are too injured to fight recklessly!
There are monsters nearby!
There are monsters nearby!
There are monsters nearby!
You slash the orc priest!
The orc priest is severely wounded.
The orc priest hits you with a +0 club.
The orc priest mumbles some strange prayers to Beogh against you.
Beogh smites you!
* * * LOW HITPOINT WARNING * * *
You hit the orc priest.
The orc priest is almost dead.
You block the kobold's attack.
An orc comes into view. It is wielding a +0 dagger.
You slash the orc!
You kill the orc!
You hit the kobold but do no damage.
Xom makes a sudden noise!
You hear a loud clanging noise!
You hear a bark! x2; You hear a shout! x3
An adder comes into view.
The kobold hits you but does no damage.
The orc priest calls down the wrath of Beogh upon you.
Your butterfly writhes in agony!
Your butterfly dies!
The orc priest invokes the aid of Beogh against you.
Beogh smites you!
You die...
Xom giggles madly!

#. ### #. ... #.#
o.# #.# #S#
###.####.o###.
####...b..o......
.....b...@Kb.....
#.#..#.#######..
#.##.#..#.#8.©.8#..
#....<....#P./.P#..
#..#.#..#.###'###..
#..#.#..#.#;...;#.#
#. .....#.#;...≈#.#
##.#.#.##.#≈...≈#.#
#.#.#.##.#≈.⌠.≈#


You could see 3 electric eels, 2 orc priests, an adder, an orc and a kobold.

Vanquished Creatures
  An adder (D:2)
  4 gnolls (D:2)
  A worm (D:2)
  A dart slug (D:2)
  An orc (D:3)
  5 endoplasms
  2 goblins (D:2)
  2 hobgoblins
  8 jackals
  A quokka (D:1)
  9 ball pythons
  A bat (D:2)
  3 frilled lizards
  3 kobolds
  3 rats (D:1)
45 creatures vanquished.

Notes
Turn   | Place    | Note
-------+----------+-------------------------------------------
     0 | D:1      | EnegeticOcto the Minotaur Fighter began the quest for the
                  | Orb.
     0 | D:1      | Reached XP level 1. HP: 19/19 MP: 0/0
   143 | D:1      | Reached XP level 2. HP: 27/27 MP: 1/1
   257 | D:1      | Found a faded altar of an unknown god.
   378 | D:1      | Became a worshipper of Xom of Chaos
   565 | D:1      | XOM: silly message
   843 | D:2      | XOM: divination: magic mapping
   980 | D:2      | Reached XP level 3. HP: 27/33 MP: 2/2
  1220 | D:2      | XOM: silly message
  1381 | D:2      | XOM: 1-stop teleportation journey
  1449 | D:2      | Reached XP level 4. HP: 40/40 MP: 3/3
  1902 | D:3      | XOM is BORED!
  1902 | D:3      | XOM: 1-stop teleportation journey
  1905 | D:3      | Found a transporter.
  1914 | D:3      | XOM: scenery: 1 fountains blood, 1 doors open
  1916 | D:3      | XOM: butterfly on damage
  1919 | D:3      | XOM: noise
  1919 | D:3      | Killed from afar by an orc priest

Illustrated notes

Levels and vault maps discovered:
D:1:      dpeg_arrival_central, layout_basic,
          ebering_ecumenical_altar_petrified, chequers_serial_rivers_micro_e,
          st_stairs_12
D:2:      wander_river, layout_basic, minmay_shallow_snake_nest
D:3:      gammafunk_steamed_eel, layout_loops_ring,
          nicolae_overflow_hidden_temple, uniq_ijyb

Skill      XL: |  1  2  3  4 |
---------------+-------------+-----
Axes           | 3 4 |  4.0
Shields        | 4 |  4.3
Fighting       | 4 |  4.3
Armour         | 4 |  4.3

Action                   |  1- 3 |  4- 6 || total
-------------------------+-------+-------++-------
Melee: War axe           |    77 |    22 ||    99
       Headbutt          |    12 |     1 ||    13
Armor: Scale mail        |    43 |     7 ||    50
Dodge: Dodged            |    30 |     6 ||    36
Block: Kite shield       |    41 |     7 ||    48
